 Dungeon Crawl Stone Soup version 0.25.0-9-g26727b6 (webtiles) character file.

Game seed: 4713437213928402902

2263 ratboy the Cleaver (level 9, -2/79 HPs)
             Began as a Hill Orc Monk on June 20, 2020.
             Was a High Priest of Okawaru.
             Blown up by an orc (31 damage)
             ... with a disintegration bolt
             ... on level 6 of the Dungeon.
             The game lasted 00:13:54 (6295 turns).

ratboy the Cleaver (Hill Orc Monk)                  Turns: 6295, Time: 00:13:54

Health: -2/79      AC: 11    Str: 17    XL:     9   Next: 38%
Magic:  13/13      EV:  6    Int: 10    God:    Okawaru [*****.]
Gold:   70         SH: 11    Dex: 19    Spells: 8/8 levels left

rFire    + . .     SeeInvis .   M - +2 mace (protect)
rCold    + . .     Gourm    .   q - +0 kite shield
rNeg     . . .     Faith    .   F - +0 chain mail
rPois    .         Spirit   .   z - +0 helmet
rElec    .         Reflect  .   w - scarf {rC+ rF+}
rCorr    .         Harm     .   x - +0 pair of gloves (curse)
MR       .....                  r - +0 pair of boots
Stlth    ..........             (no amulet)
HPRegen  0.23/turn              I - +6 ring of dexterity
MPRegen  0.13/turn              (no ring)

@: no status effects
A: no striking features
a: Heroism, Finesse, Renounce Religion


You were on level 6 of the Dungeon.
You worshipped Okawaru.
Okawaru was extremely pleased with you.
You were not hungry.

You visited 2 branches of the dungeon, and saw 7 of its levels.
You also visited: Ossuary.

You collected 327 gold pieces.
You spent 257 gold pieces at shops.

Inventory:

Hand Weapons
 a - a +1 hand axe of electrocution
 M - a +2 mace of protection (weapon)
Missiles
 b - 16 poisoned darts (quivered)
 f - 178 stones
 l - a throwing net
Armour
 q - a +0 kite shield (worn)
 r - a +0 pair of boots (worn)
 w - a scarf of resistance (worn)
 x - a cursed +0 pair of gloves (worn)
 z - a +0 helmet (worn)
 F - a +0 chain mail (worn)
Jewellery
 h - an uncursed ring of protection from cold {unknown}
 I - a +6 ring of dexterity (left hand)
Wands
 D - a wand of flame (10)
Scrolls
 e - a scroll of fog {unknown}
 j - a scroll of fear {unknown}
 m - a scroll of magic mapping {unknown}
 n - 2 scrolls of blinking
 t - 2 scrolls of remove curse
 y - 5 scrolls of teleportation
 C - 2 scrolls of vulnerability
Potions
 d - 2 potions of curing
 g - a potion of ambrosia {unknown}
 i - 4 potions of magic
 k - 3 potions of haste
 o - 2 potions of flight
 s - a potion of lignification
 u - 4 potions of cancellation
 v - 3 potions of invisibility
 A - a potion of mutation {unknown}
 B - 2 potions of heal wounds
 E - a potion of might {unknown}
 H - a potion of stabbing {unknown}
Comestibles
 c - 10 rations


   Skills:
 + Level 7.5 Fighting
 * Level 10.2 Axes
 - Level 2.4 Dodging
 - Level 1.5 Stealth
 * Level 7.3 Shields
 + Level 5.7 Invocations


You had 8 spell levels left.
You didn't know any spells.
Your spell library contained the following spells:

 Spells                   Type           Power        Failure   Level  Hunger
 Beastly Appendage        Tmut           #.....       100%        1    ##.....
 Sticks to Snakes         Tmut           #.......     100%        2    ###....
 Confusing Touch          Hex            #.......     100%        3    ####...
 Gell's Gravitas          Tloc           #.........   100%        3    ####...
 Spider Form              Tmut/Pois      #.........   100%        3    ####...
 Ice Form                 Ice/Tmut       #.......     100%        4    #####..
 Petrify                  Tmut/Erth      #.......     100%        4    #####..
 Blade Hands              Tmut           #.........   100%        5    ######.
 Metabolic Englaciation   Hex/Ice        #.........   100%        5    ######.
 Yara's Violent Unravell  Hex/Tmut       #.........   100%        5    ######.


Dungeon Overview and Level Annotations

Branches:
Dungeon (6/15)             Temple (1/1) D:4         Ossuary (visited)

Altars:
Ashenzari
Cheibriados
Elyvilon
Fedhas
Gozag
Hepliaklqana
Kikubaaqudgha
Makhleb
Nemelex Xobeh
Okawaru
Qazlal
Ru
Trog
Uskayaw
Vehumet
Xom
Yredelemnul
Zin
The Shining One

Shops:
D:4 }![%   D:5 ?

Annotations:
D:5 2 transporters, mg7810's ghost, novice DsFi


Message History

You feel very sick.
The orc wizard hits you but does no damage.
You are more poisoned.
The orc wizard hits you but does no damage.
The orc zaps a wand.
You are blasted!
* * * LOW HITPOINT WARNING * * *
An ogre comes into view. It is wielding a +0 giant club.
You feel yourself speed up.
* * * LOW HITPOINT WARNING * * *
You feel very sick.
The orc wizard gestures at you while chanting.
You easily resist.
The orc wizard barely misses you.
* * * LOW HITPOINT WARNING * * *
You feel very sick.
* * * LOW HITPOINT WARNING * * *
You feel sick.
The orc wizard mumbles some strange words.
The orc wizard blinks!
You feel better.
The orc zaps a wand.
You are blasted!
You die...

............................>...
..............#..[.#########.#.#
..#.......###.#............ ...#
..#...##### #.###.......... ###
..##### #.............. ..#
#..##.......... ##
#..##.......... #...#.#########
#.#.#o# #.#.#.######
##.....)...# #.O.o>)...#
#..(......# .............#
#.#.....o....# # #..........#
......<######


You could see an ogre, an orc wizard (fast) and an orc.

Vanquished Creatures
  Prince Ribbit (D:5)
  Grinder (D:5)
  Sigmund (D:5)
  2 wraiths (Ossuary)
  Menkaure (D:6)
  Duvessa (D:5)
  An ice beast (D:6)
  2 ogres (D:4)
  A centaur (D:5)
  A bullfrog (D:5)
  Dowan (D:5)
  4 wights (Ossuary)
  A howler monkey (D:4)
  2 crimson imps (D:5)
  A centaur zombie (D:5)
  2 jellies (D:5)
  Crazy Yiuf (D:5)
  3 hounds
  An iguana (D:4)
  An orc wizard (D:6)
  A worker ant (D:4)
  A mummy (D:4)
  4 gnolls (D:6)
  A howler monkey skeleton (D:3)
  5 adders
  A shadow imp (D:5)
  An ooze (D:4)
  An adder zombie (Ossuary)
  2 worms
  A dart slug (D:1)
  4 leopard geckos
  3 orcs
  4 giant cockroaches
  8 goblins
  5 hobgoblins
  7 jackals
  2 quokkas
  3 ball pythons
  A ball python skeleton (Ossuary)
  4 bats
  4 frilled lizards
  A goblin zombie (D:4)
  2 hobgoblin skeletons (Ossuary)
  2 hobgoblin zombies (Ossuary)
  2 kobold zombies
  A leopard gecko skeleton (D:4)
  An orc zombie (Ossuary)
  7 rats
108 creatures vanquished.

Notes
Turn   | Place    | Note
-------+----------+-------------------------------------------
     0 | D:1      | ratboy the Hill Orc Monk began the quest for the Orb.
     0 | D:1      | Reached XP level 1. HP: 19/19 MP: 1/1
   153 | D:1      | Reached XP level 2. HP: 27/27 MP: 2/2
  1082 | D:2      | Reached XP level 3. HP: 30/34 MP: 3/3
  1185 | D:2      | Reached skill level 5 in Axes
  1867 | D:3      | Reached XP level 4. HP: 37/41 MP: 4/4
  1944 | D:3      | Reached skill level 1 in Shields
  2579 | D:4      | Found Xypenuge's Antique Armour Boutique.
  2592 | D:4      | Found Jocug's Food Emporium.
  2597 | D:4      | Found a sparkling altar of Nemelex Xobeh.
  2597 | D:4      | Found an iron altar of Okawaru.
  2599 | D:4      | Found a white marble altar of Elyvilon.
  2607 | D:4      | Reached skill level 5 in Fighting
  2607 | D:4      | Reached XP level 5. HP: 37/48 MP: 5/5
  2613 | D:4      | Became a worshipper of Warmaster Okawaru
  2613 | D:4      | Reached * piety under Okawaru
  2613 | D:4      | Reached ** piety under Okawaru
  2742 | D:4      | Found a sand-covered staircase.
  2748 | Ossuary  | Entered an ossuary
  2861 | Ossuary  | Reached skill level 6 in Axes
  2913 | Ossuary  | Reached skill level 1 in Invocations
  2913 | Ossuary  | Reached XP level 6. HP: 56/56 MP: 6/6
  2935 | Ossuary  | Noticed a wraith
  2935 | Ossuary  | Noticed a flying skull
  2941 | Ossuary  | Noticed a flying skull
  3074 | Ossuary  | Noticed a wraith
  3077 | Ossuary  | Killed a wraith
  3096 | Ossuary  | Noticed a flying skull
  3106 | Ossuary  | Reached skill level 7 in Axes
  3106 | Ossuary  | Reached XP level 7. HP: 61/61 MP: 8/8
  3120 | Ossuary  | Noticed a wraith
  3139 | Ossuary  | Killed a wraith
  3139 | Ossuary  | Reached *** piety under Okawaru
  3601 | D:4      | Found Buyr's Distillery.
  3604 | D:4      | Bought a potion of heal wounds for 50 gold pieces
  3604 | D:4      | Bought a potion of curing for 30 gold pieces
  3604 | D:4      | Bought a potion of degeneration for 10 gold pieces
  3604 | D:4      | Bought a potion of curing for 30 gold pieces
  3685 | D:4      | Found a staircase to the Ecumenical Temple.
  3694 | Temple   | Entered the Ecumenical Temple
  3955 | D:4      | Found Bizok's Food Emporium.
  4123 | D:4      | Reached skill level 8 in Axes
  4123 | D:4      | Reached XP level 8. HP: 69/70 MP: 10/10
  4180 | D:4      | Found Nyfomp's Gadget Shoppe.
  4424 | D:4      | Reached skill level 5 in Shields
  4517 | D:5      | Entered Level 5 of the Dungeon
  4517 | D:5      | Found Webel's Magic Scroll Shoppe.
  4543 | D:5      | Bought a scroll of teleportation for 33 gold pieces
  4543 | D:5      | Bought a scroll of blinking for 82 gold pieces
  4573 | D:5      | Got an ichor-stained dagger
  4644 | D:5      | Noticed Grinder
  4657 | D:5      | Killed Grinder
  4657 | D:5      | Reached **** piety under Okawaru
  4829 | D:5      | Noticed mg7810's ghost (novice DsFi)
  4836 | D:5      | Found a transporter.
  4844 | D:5      | Found a transporter.
  4845 | D:5      | Reached skill level 9 in Axes
  4948 | D:5      | Noticed Sigmund
  4948 | D:5      | Noticed Prince Ribbit
  4974 | D:5      | Killed Sigmund
  5057 | D:5      | Noticed Duvessa
  5057 | D:5      | Noticed Dowan
  5232 | D:5      | Killed Duvessa
  5232 | D:5      | Reached skill level 5 in Invocations
  5232 | D:5      | Reached XP level 9. HP: 79/79 MP: 12/12
  5249 | D:5      | Killed Dowan
  5354 | D:5      | Killed Prince Ribbit
  5527 | D:5      | Found a runed translucent door.
  5528 | D:5      | Noticed Crazy Yiuf
  5540 | D:5      | Killed Crazy Yiuf
  5593 | D:5      | Bought a scroll of identify for 22 gold pieces
  5594 | D:5      | Identified the +7 dagger "Orb Guardian's Bane" {drain,
                  | Dex+4} (You found it on level 5 of the Dungeon)
  5629 | D:6      | Noticed Menkaure
  5825 | D:6      | Killed Menkaure
  5825 | D:6      | Reached ***** piety under Okawaru
  5825 | D:6      | Reached skill level 10 in Axes
  6295 | D:6      | Blown up by an orc

Illustrated notes

Levels and vault maps discovered:
D:1:      lightli_arrival_maybe_door_vault, layout_loops_ring, st_stairs_2
D:2:      layout_loops_ring
D:3:      layout_basic
D:4:      layout_loops_ring, grunt_temple_overflow_open,
          minmay_temple_entry_junction_2, serial_shops, shop, shop, shop,
          shop_coins, kennysheep_mini, nicolae_ossuary_entry_giza,
          corexii_checkpoint_b
D:5:      layout_rooms, gammafunk_ghost_arena, first_ration, serial_shops, shop,
          uniq_sigmund, uniq_crazy_yiuf_cottage, uniq_duvessa,
          uniq_prince_ribbit1, uniq_grinder
D:6:      layout_basic, uniq_menkaure
Temple:   eino_temple_rhombus

Skill      XL: |  1  2  3  4  5  6  7  8  9 |
---------------+----------------------------+-----
Fighting       | 4 5 6 7 |  7.5
Axes           | 5 6 7 8 9 10 | 10.2
Shields        | 1 2 3 4 6 7 |  7.3
Invocations    | 1 2 3 5 |  5.7
Dodging        | |  2.4
Stealth        | |  1.5

Action                   |  1- 3 |  4- 6 |  7- 9 || total
-------------------------+-------+-------+-------++-------
Melee: Hand axe          |    96 |    68 |   157 ||   321
       Unarmed           |       |       |     9 ||     9
       Mace              |       |       |    57 ||    57
Throw: Dart              |       |       |     2 ||     2
Evoke: Wand              |       |       |     1 ||     1
  Use: Potion            |       |       |     3 ||     3
       Scroll            |       |       |     9 ||     9
 Stab: Sleeping          |     3 |     3 |       ||     6
       Distracted        |       |       |     1 ||     1
  Eat: Chunk             |     3 |     3 |     8 ||    14
       Ration            |       |       |     1 ||     1
Armor: Robe              |     3 |       |       ||     3
       Leather armour    |     8 |    14 |     5 ||    27
       Chain mail        |       |       |    70 ||    70
       Skin              |       |       |     3 ||     3
Dodge: Dodged            |    56 |    18 |    46 ||   120
Block: Kite shield       |     2 |    18 |    99 ||   119
